 Dungeon Crawl Stone Soup version 0.28.0-45-g0d030f2227 (webtiles) character file.

Game seed: 18326241141900656797

491 Iusername the Covered (level 6, -4/56 HPs)
             Began as a Minotaur Fighter on Apr 22, 2022.
             Succumbed to an orc wizard's poison
             ... on level 5 of the Dungeon.
             The game lasted 00:11:48 (3938 turns).

Iusername the Covered (Minotaur Fighter)            Turns: 3938, Time: 00:11:48

Health: -4/56      AC:  8    Str: 29    XL:     6   Next: 91%
Magic:  5/5        EV: 10    Int:  5    God:
Gold:   205        SH: 13    Dex: 18    Spells: 5/5 levels left

rFire   . . .      SeeInvis .   a - +0 long sword
rCold   x . .      Faith    .   t - +7 buckler of Miompiby {+Blink rC- Will- Dex+9}
rNeg    . . .      Spirit   .   b - +0 scale mail
rPois   .          Reflect  .   (helmet restricted)
rElec   .          Harm     .   (no cloak)
rCorr   .          Rampage  .   q - +0 pair of gloves
Will    .....                   (no boots)
Stlth   ..........              (no amulet)
HPRegen 0.18/turn               j - +6 ring of strength
MPRegen 0.09/turn               u - ring of willpower

@: lethally poisoned (-4 -> -41)
A: horns 2, retaliatory headbutt
a: Evoke Blink


You were on level 5 of the Dungeon.
You visited 1 branch of the dungeon, and saw 5 of its levels.

You collected 205 gold pieces.

Inventory:

Hand Weapons
 a - a +0 long sword (weapon)
 v - a +1 halberd of venom
Armour
 b - a +0 scale mail (worn)
 c - a +0 buckler
 q - a +0 pair of gloves (worn)
 t - the +7 buckler of Miompiby (worn) {+Blink rC- Will- Dex+9}
   (You found it on level 4 of the Dungeon)

   Dex:       It affects your dexterity (+9).
   rC:        It makes you vulnerable to cold.
   +Blink:    It lets you blink.
   Will:      It decreases your willpower.
Jewellery
 d - a ring of poison resistance
 j - a +6 ring of strength (left hand)
 u - a ring of willpower (right hand)
Wands
 s - a wand of flame (6) (quivered)
Scrolls
 h - a scroll of magic mapping
 i - a scroll of enchant armour
 l - a scroll of summoning {unknown}
 m - a scroll of immolation {unknown}
 n - a scroll of brand weapon {unknown}
 p - a scroll of acquirement {unknown}
 w - a scroll of fear {unknown}
Potions
 e - a potion of magic
 f - a potion of lignification {unknown}
 k - 2 potions of flight {unknown}
 o - a potion of curing {unknown}
 r - a potion of brilliance {unknown}


   Skills:
 + Level 5.3 Fighting
 + Level 5.1 Long Blades
 + Level 5.8 Armour
 + Level 1.8 Dodging
 + Level 0.7 Stealth
 + Level 4.7 Shields
 + Level 0.2 Evocations


You had 5 spell levels left.
You didn't know any spells.
Your spell library was empty.

Dungeon Overview and Level Annotations

Branches:
Dungeon (5/15)
 Temple: D:4-7

Altars:
Cheibriados

Shops:
D:1 !

Portals:
Sewer: D:3

Annotations:
D:3 3 runed translucent doors, Lamak's ghost, amateur HOMo
D:5 Ijyb


Innate Abilities, Weirdness & Mutations

You have a pair of horns on your head.
You reflexively headbutt those who attack you in melee.


Message History

You barely miss the ice beast.
The ice beast is heavily wounded.
You feel very sick. Something hits you.
* * * LOW HITPOINT WARNING * * *
You are lethally poisoned!
You block the orc's attack. You block Ijyb's attack.
The necrophage barely misses you. The orc hits you but does no damage.
You block the ice beast's attack.
You slash the ice beast!
The ice beast is severely wounded.
* * * LOW HITPOINT WARNING * * *
You feel very sick. You block something's attack. You block the orc's attack.
You block Ijyb's attack. The necrophage hits you.
* * * LOW HITPOINT WARNING * * *
The orc hits you with a +0 dagger.
* * * LOW HITPOINT WARNING * * *
The ice beast hits you but does no damage.
Something hits you but does no damage.
You are more poisoned.
You feel much better.
You feel extremely sick. The orc hits you but does no damage.
You block Ijyb's attack. The necrophage hits you.
The ice beast closely misses you. You furiously retaliate!
You headbutt the ice beast. The orc barely misses you.
Something hits you but does no damage.
You are more poisoned.
You hit Ijyb but do no damage.
Ijyb is severely wounded.
* * * LOW HITPOINT WARNING * * *
You feel extremely sick. You block the orc's attack. You block Ijyb's attack.
You block the necrophage's attack. The orc hits you but does no damage.
The ice beast hits you but does no damage.
Something hits you.
* * * LOW HITPOINT WARNING * * *
You are more poisoned.
It was a potion of magic.
Magic courses through your body.
You die...

.....#.......#.
...............
...............
.....(...<[....
.............|#
.......o......#
......ogn.....#
.....oo@.......
......{Y......#
............#..
...............
.###.#.........
..#......... #.
#......... #.
#.........


You could see an ice beast, a necrophage, Ijyb and 4 orcs.

Vanquished Creatures
  A black bear (D:5)
  An ogre (D:4)
  A scorpion (D:4)
  A bullfrog skeleton (D:4)
  A hound (D:4)
  Natasha (D:3)
  7 gnolls
  3 river rats (D:3)
  An adder skeleton (D:4)
  A worm (D:4)
  A dart slug (D:1)
  4 orcs (D:4)
  3 endoplasms
  5 giant cockroaches
  7 goblins
  9 hobgoblins
  7 jackals
  4 kobolds
  2 quokkas
  9 ball pythons
  2 bats
  4 frilled lizards (D:2)
  5 rats
80 creatures vanquished.

Notes
Turn   | Place    | Note
-------+----------+-------------------------------------------
     0 | D:1      | Iusername the Minotaur Fighter began the quest for the Orb.
     0 | D:1      | Reached XP level 1. HP: 19/19 MP: 0/0
   334 | D:1      | Reached XP level 2. HP: 26/27 MP: 1/1
   474 | D:1      | Reached XP level 3. HP: 22/34 MP: 2/2
   830 | D:1      | Found Wiusm's Distillery.
   980 | D:1      | Found a faded altar of an unknown god.
  1268 | D:2      | Reached XP level 4. HP: 13/41 MP: 3/3
  1582 | D:2      | Found a snail-covered altar of Cheibriados.
  2029 | D:3      | Found a glowing drain.
  2412 | D:3      | Noticed Natasha
  2414 | D:3      | Killed Natasha
  2415 | D:3      | Reached XP level 5. HP: 47/47 MP: 4/4
  2590 | D:3      | Noticed Lamak's ghost (amateur HOMo)
  2603 | D:3      | Found a runed translucent gate.
  2603 | D:3      | Found a runed translucent gate.
  2603 | D:3      | Found a runed translucent gate.
  2606 | D:3      | You fall into a shaft and drop 1 floor!
  2613 | D:4      | Reached skill level 5 in Armour
  2613 | D:4      | Reached skill level 1 in Dodging
  3041 | D:4      | Identified the +7 buckler of Miompiby {+Blink rC- Will-
                  | Dex+9}
  3447 | D:4      | Reached skill level 5 in Fighting
  3447 | D:4      | Reached XP level 6. HP: 52/56 MP: 5/5
  3920 | D:5      | Entered Level 5 of the Dungeon
  3920 | D:5      | Noticed Ijyb
  3920 | D:5      | Noticed an ice beast
  3927 | D:5      | Reached skill level 5 in Long Blades
  3938 | D:5      | Succumbed to an orc wizard's poison

Illustrated notes

Levels and vault maps discovered:
D:1:      sevenhm_arrival_forest_fort_small_5, layout_loops_cross, serial_shops,
          nicolae_lakefront_shop, basic_ecumenical_altar, minmay_surrounded
D:2:      layout_loops_ring, basic_altar
D:3:      layout_loops_corners, portal_sewer_entry_a, gammafunk_ghost_split,
          uniq_natasha
D:4:      layout_cave_pools, minmay_splitting_lines
D:5:      layout_rooms, hex_tiny, uniq_sigmund, uniq_ijyb

Skill      XL: |  1  2  3  4  5  6 |
---------------+-------------------+-----
Fighting       | 4 5 |  5.3
Armour         | 4 5 |  5.8
Long Blades    | 3 4 5 |  5.1
Shields        | 4 |  4.7
Dodging        | 1 |  1.8
Stealth        | |  0.7
Evocations     | |  0.2

Action                   |  1- 3 |  4- 6 || total
-------------------------+-------+-------++-------
Melee: Long sword        |    91 |   103 ||   194
       Headbutt          |    11 |    23 ||    34
Evoke: Wand              |       |     6 ||     6
  Use: Potion            |       |     4 ||     4
       Scroll            |       |     2 ||     2
Armor: Scale mail        |    32 |    74 ||   106
Dodge: Dodged            |    47 |    66 ||   113
Block: Buckler           |    20 |    81 ||   101
